 Dungeon Crawl Stone Soup version 0.19-a0 (webtiles) character file.

1012 varam the Skirmisher (level 8, -1/51 HPs)
             Began as a Gargoyle Gladiator on Apr 27, 2016.
             Was an Initiate of Okawaru.
             Slain by Blork the orc
             ... wielding a +0 glaive
              (8 damage)
             ... on level 5 of the Dungeon.
             The game lasted 00:24:25 (4431 turns).

varam the Skirmisher (Gargoyle Gladiator)           Turns: 4431, Time: 00:24:26

Health: -1/51      AC: 16    Str: 25    XL:     8   Next: 21%
Magic:  8/8        EV: 12    Int: 10    God:    Okawaru [......]
Gold:   259        SH:  0    Dex: 10    Spells: 0 memorised, 7 levels left

rFire  . . .     SeeInvis .     a - +0 quarterstaff
rCold  . . .     Gourm    .     n - +0 ring mail
rNeg   + . .     Faith    .     (shield currently unavailable)
rPois  ∞         Spirit   .     c - +0 helmet
rElec  +         Dismiss  .     (no cloak)
rCorr  .         Reflect  .     (no gloves)
SustAt .         Harm     .     D - +0 pair of boots
MR     .....                    (no amulet)
Stlth  ..........               m - +3 ring of protection
                                t - +5 ring of strength

@: not resistant to hostile enchantments, extremely unstealthy
A: negative energy resistance 1, electricity resistance, unbreathing,
petrification resistance, rot immunity, AC +5
a: Renounce Religion


You were on level 5 of the Dungeon.
You worshipped Okawaru.
Okawaru was noncommittal.
You were full.

You visited 2 branches of the dungeon, and saw 6 of its levels.

You collected 259 gold pieces.

Inventory:

Hand Weapons
 a - a +0 quarterstaff (weapon)
Missiles
 d - 3 throwing nets (quivered)
Armour
 b - a +0 leather armour
 c - a +0 helmet (worn)
 i - a +0 pair of boots
 n - a +0 ring mail (worn)
 D - a +0 pair of boots (worn)
Rods
 y - a -3 rod of ignition (9/9)
   (You found it on level 3 of the Dungeon)
Jewellery
 m - a +3 ring of protection (right hand)
 t - a +5 ring of strength (left hand)
Scrolls
 e - a scroll of enchant armour {unknown}
 h - a scroll of amnesia {unknown}
 k - a scroll of fear {unknown}
 o - 9 scrolls of identify {unknown}
 q - a scroll of teleportation {unknown}
 z - a scroll of remove curse {unknown}
 C - a scroll of enchant weapon {unknown}
 E - a scroll of noise {unknown}
Potions
 g - a potion of beneficial mutation {unknown}
 l - a potion of cure mutation {unknown}
 p - a potion of flight {unknown}
 r - a potion of curing {unknown}
 u - 2 potions of lignification {unknown}
 v - a potion of agility
 w - a potion of degeneration {unknown}
 x - a potion of brilliance {unknown}
 A - a potion of heal wounds {unknown}
 F - a potion of magic {unknown}
Books
 B - a book of Cantrips

   Spells                             Type                      Level
   a - Corona                         Hexes                        1
   b - Animate Skeleton               Necromancy                   1
   c - Summon Small Mammal            Summoning                    1
   d - Apportation                    Translocation                1
 G - a book of Transfigurations

   Spells                             Type                      Level
   a - Irradiate                      Conjuration/Transmutation    5
   b - Statue Form                    Transmutation/Earth          6
   c - Hydra Form                     Transmutation                6
   d - Dragon Form                    Transmutation                7
Comestibles
 f - a bread ration
 j - 6 fruits


   Skills:
 + Level 6.2 Fighting
 + Level 6.0 Staves
 - Level 1.7 Throwing
 + Level 5.2 Armour
 - Level 3.0 Dodging


You had 7 spell levels left.
You didn't know any spells.

Dungeon Overview and Level Annotations

Branches:
Dungeon (5/15)             Temple (1/1) D:5

Altars:
Ashenzari
Cheibriados
Dithmenos
Elyvilon
Gozag
Kikubaaqudgha
Makhleb
Nemelex Xobeh
Okawaru
Pakellas
Ru
Sif Muna
Trog
Vehumet
Xom
Yredelemnul
Zin
The Shining One

Annotations:
D:3 Eustachio; kona's ghost, amateur MiHu
D:5 Blork the orc


Innate Abilities, Weirdness & Mutations

You are resistant to torment.
Your stone body is resilient (AC +5).
You are immune to poison.
You resist negative energy.
You are resistant to electric shocks.
You can survive without breathing.
You are immune to petrification.
You are immune to rotting.


Message History

A puff of flame appears from out of thin air!
The puff of flame hits you!
You closely miss something. Something hits you.
You hear some strange, mumbled words.
A puff of frost appears from out of thin air!
The puff of frost hits you!
You completely miss something. Something hits you but does no damage.
You barely miss something. Something hits you!
You miss something. Something barely misses you.
You closely miss something. Something hits you.
You hear some strange, mumbled words.
A puff of frost appears from out of thin air!
The puff of frost hits you!
* * * LOW HITPOINT WARNING * * *
You hear some strange, mumbled words.
A puff of flame appears from out of thin air!
The puff of flame hits you!
* * * LOW HITPOINT WARNING * * *
Something hits you!
You die...

#..###...####...####
###..###...####...####
#..........#........#.
#..........#..>.....#.
#..........#..........
#......%...#.........#
##...##....##........#
..##...##....##...[...##
........@......#...>....#
...............#.......<#
...............'........#
...##...###...#######'#.#
... #+### #...# ##.....##
.. .......#.......#
(.......#.......#
.........#.......#
....... #.......#


There were no monsters in sight!

Vanquished Creatures
  The ghost of varam the Chucker, a novice TrHu of Xom (D:5)
  Sigmund (D:5)
  An ogre (D:4)
  A howler monkey (D:4)
  A hound (D:4)
  2 centaur skeletons
  An orc priest (D:3)
  An orc wizard (D:4)
  An iguana (D:4)
  A worker ant (D:4)
  A hound skeleton (D:4)
  4 gnolls
  4 adders
  An ooze (D:2)
  An adder skeleton (D:4)
  3 worms
  A dart slug (D:2)
  3 giant geckos
  8 orcs
  5 giant cockroaches
  8 goblins
  6 hobgoblins
  9 jackals
  10 kobolds
  3 quokkas
  2 ball pythons
  6 bats
  7 giant newts
  A jackal skeleton (D:4)
  7 rats
101 creatures vanquished.

Notes
Turn   | Place    | Note
--------------------------------------------------------------
     0 | D:1      | varam the Gargoyle Gladiator began the quest for the Orb.
     0 | D:1      | Reached XP level 1. HP: 12/12 MP: 1/1
    94 | D:1      | Reached XP level 2. HP: 18/18 MP: 2/2
   747 | D:1      | Reached XP level 3. HP: 20/22 MP: 3/3
  1196 | D:2      | Reached XP level 4. HP: 17/27 MP: 4/4
  1522 | D:2      | Reached skill level 1 in Armour
  1754 | D:3      | Found a bloodstained altar of Trog.
  1931 | D:3      | Noticed kona's ghost (amateur MiHu)
  2242 | D:4      | Reached XP level 5. HP: 32/32 MP: 5/5
  2786 | D:4      | Found a glowing golden altar of the Shining One.
  2789 | D:4      | Found a shimmering altar of Xom.
  2789 | D:4      | Found a sparkling altar of Nemelex Xobeh.
  2829 | D:4      | Reached XP level 6. HP: 22/38 MP: 6/6
  3238 | D:4      | Noticed Eustachio
  3440 | D:4      | Found a deep blue altar of Sif Muna.
  3440 | D:4      | Found a burning altar of Makhleb.
  3546 | D:5      | Entered Level 5 of the Dungeon
  3561 | D:4      | Reached skill level 5 in Fighting
  3561 | D:4      | Reached skill level 5 in Staves
  3561 | D:4      | Reached XP level 7. HP: 3/44 MP: 7/7
  4080 | D:5      | Noticed Sigmund
  4089 | D:5      | Killed Sigmund
  4121 | D:5      | Noticed varam's ghost (novice TrHu)
  4154 | D:5      | Killed varam's ghost
  4154 | D:5      | Reached skill level 5 in Armour
  4154 | D:5      | Reached XP level 8. HP: 39/51 MP: 8/8
  4174 | D:5      | Found a staircase to the Ecumenical Temple.
  4180 | Temple   | Entered the Ecumenical Temple
  4311 | Temple   | Became a worshipper of Warmaster Okawaru
  4399 | D:5      | Noticed Blork the orc
  4431 | D:5      | Slain by Blork the orc

Vault maps used:
D:1:      dpeg_arrival_rooms_with_view
D:2:      kennysheep_six_static_rooms
D:3:      bloody_trog
D:4:      gammafunk_temple_overflow_wave, grunt_temple_overflow_open,
          uniq_eustachio
D:5:      minmay_temple_entry_nine_rooms, first_bread, uniq_grinder,
          uniq_blork_the_orc, uniq_sigmund
Temple:   hc_temple_tempest_star

Skill      XL: |  1  2  3  4  5  6  7 |
---------------+----------------------+-----
Dodging        | 3 |  3.0
Armour         | 1 2 3 5 |  5.2
Fighting       | 3 4 5 6 |  6.2
Staves         | 4 5 6 |  6.0
Throwing       | |  1.7

Action                   |  1- 3 |  4- 6 |  7- 9 || total
-------------------------+-------+-------+-------++-------
Melee: Quarterstaff      |   121 |   223 |    64 ||   408
  Eat: Chunk             |     1 |     8 |     2 ||    11
       Meat ration       |       |       |     1 ||     1
Armor: Leather armour    |    17 |       |       ||    17
       Ring mail         |    26 |   123 |    30 ||   179
Dodge: Dodged            |    81 |   177 |    28 ||   286
